Map: Ascension to Aiur LE

Players

llllllllllll - Winner!

  • Race: Protoss Protoss
  • League: Master
  • Spawn Location: 11:00

Luolis

  • Race: Terran Terran
  • League: Master
  • Spawn Location: 5:00

VOD

Have the link to the VOD?

Description

Time

  • Played on: Aug. 11, 2017, 12:54 p.m.
  • Length: 10:32
Show
View Real Time Build Order
Export as new Build Order

llllllllllll Protoss - Winner!

Build Orders: 1 Gate Expand, Oracle Opening 

Get SALT Encoding   

  12  0:00  Probe (Chrono Boost)  
  13  0:11  Probe (Chrono Boost)  
  14  0:17  Pylon  
  14  0:22  Probe (Chrono Boost)  
  15  0:35  Probe (Chrono Boost)  
  16  0:36  Gateway  
  16  0:43  Assimilator  
  16  0:46  Probe (Chrono Boost)  
  17  0:56  Probe (Chrono Boost)  
  18  1:07  Probe (Chrono Boost)  
  19  1:20  Nexus  
  19  1:32  Cybernetics Core  
  19  1:34  Probe (Chrono Boost)  
  20  1:41  Assimilator  
  20  1:44  Probe (Chrono Boost)  
  21  1:50  Pylon  
  21  1:55  Probe (Chrono Boost)  
  22  2:05  Probe (Chrono Boost)  
  22  2:08  Adept (Chrono Boost)  
  25  2:17  Stargate, Probe  
  26  2:25  Warp Gate  
  26  2:29  Probe  
  27  2:32  Adept (Chrono Boost)  
  27  2:34  Probe  
  30  2:41  Probe  
  30  2:45  Probe  
  31  2:53  Probe  
  31  2:55  Adept (Chrono Boost), Probe  
  35  3:01  Oracle (Chrono Boost)  
  35  3:05  Probe  
  39  3:06  Probe  
  39  3:12  Pylon  
  40  3:16  Probe  
  40  3:17  Probe  
  42  3:22  Pylon  
  42  3:27  Probe  
  42  3:29  Probe  
  42  3:33  Oracle (Chrono Boost)  
  47  3:37  Probe  
  48  3:50  Nexus  
  48  3:54  Probe, Mothership Core  
  51  4:04  Probe  
  52  4:15  Probe x2, Phoenix (Chrono Boost)  
  56  4:22  Gateway  
  56  4:24  Gateway  
  56  4:25  Pylon, Probe  
  56  4:27  Probe  
  58  4:32  Assimilator x2  
  58  4:36  Probe  
  59  4:39  Probe  
  59  4:45  Twilight Council  
  60  4:46  Probe, Forge  
  60  4:51  Probe  
  62  4:55  Pylon  
  62  4:57  Probe  
  63  5:03  Probe  
  64  5:08  Probe  
  64  5:09  Pylon  
  64  5:10  Probe  
  64  5:11  Resonating Glaives  
  64  5:13  Pylon  
  66  5:16  Pylon  
  66  5:23  Pylon  
  66  5:24  Protoss Ground Weapons Level 1 (Chrono Boost)  
  66  5:26  Pylon  
  66  5:32  Adept x3  
  72  5:38  Probe x3  
  75  5:50  Probe x2  
  75  5:55  Adept x3  
  83  6:04  Phoenix  
  83  6:08  Gateway x2  
  83  6:10  Gateway  
  85  6:12  Gateway  
  85  6:19  Probe  
  85  6:20  Probe x2  
  85  6:21  Robotics Facility  
  88  6:30  Adept x3  
  88  6:32  Phoenix  
  96  6:35  Gateway  
  96  6:44  Probe x2  
  96  6:46  Assimilator  
  98  6:50  Assimilator  
  98  6:54  Pylon, Sentry  
  98  6:55  Adept x2  
  98  6:56  Blink  
  98  6:59  Phoenix  
  98  7:00  Probe  
  107  7:01  Probe x2  
  109  7:10  Probe  
  109  7:13  Probe x2  
  109  7:14  Protoss Ground Armor Level 1 (Chrono Boost)  
  113  7:21  Adept x5  
  115  7:29  Adept x5  
  105  7:30  Adept x2  
  95  7:45  Pylon  
  95  7:47  Pylon  
  95  7:49  Pylon, Phoenix  
  97  7:53  Robotics Bay  
  97  7:54  Observer  
  97  7:57  Robotics Facility  
  97  8:07  Adept x7  
  111  8:14  Warp Prism, Phoenix  
  111  8:17  Adept  
  117  8:29  Sentry x2  
  117  8:30  Adept x5  
  131  8:38  Adept  
  129  8:54  Stalker x5  
  129  8:55  Stalker x2  
  143  8:56  Colossus  
  147  9:14  Pylon  
  147  9:16  Pylon x2  
  147  9:23  Colossus  
  148  9:29  Adept  
  148  9:34  Adept x7  
  162  9:57  Adept  
  136  10:16  Adept x7  
Show
View Real Time Build Order
Export as new Build Order

Luolis Terran 

Build Orders: MMM Bio 

Get SALT Encoding   

  12  0:00  SCV  
  13  0:12  SCV  
  14  0:17  Supply Depot  
  14  0:25  SCV  
  15  0:38  SCV  
  15  0:40  Barracks  
  16  0:45  Refinery  
  16  0:50  SCV  
  17  1:03  SCV  
  18  1:15  SCV  
  19  1:27  Orbital Command  
  20  1:37  Barracks Reactor  
  19  1:43  Command Center  
  19  1:53  SCV  
  20  2:04  Supply Depot  
  20  2:05  SCV  
  21  2:13  Marine  
  21  2:14  Barracks, Marine  
  23  2:25  SCV  
  23  2:28  Barracks  
  24  2:34  Marine x2  
  26  2:37  SCV  
  27  2:50  SCV  
  28  2:52  Marine x2  
  28  2:57  Orbital Command  
  30  3:02  SCV  
  31  3:07  Barracks Tech Lab  
  31  3:13  Supply Depot, Marine  
  31  3:14  Marine  
  31  3:18  Barracks Tech Lab  
  33  3:20  SCV  
  33  3:24  SCV  
  33  3:26  Marine, Stimpack  
  36  3:31  Marine  
  36  3:32  Marine, SCV  
  39  3:36  Combat Shields  
  39  3:37  Supply Depot, Marine  
  40  3:42  SCV  
  40  3:43  Marine  
  42  3:49  Marine x2  
  42  3:54  SCV  
  42  3:55  Marine  
  46  3:59  Factory  
  46  4:00  SCV  
  47  4:06  SCV  
  47  4:12  SCV  
  47  4:13  Marine  
  47  4:14  Marauder x2, Marine  
  53  4:18  SCV  
  53  4:19  Engineering Bay  
  54  4:26  SCV  
  54  4:30  SCV  
  56  4:31  Marine x2  
  56  4:36  Marauder x2  
  62  4:43  Supply Depot  
  62  4:47  Missile Turret  
  62  4:51  Refinery  
  62  4:52  Refinery  
  62  4:53  Starport  
  62  5:04  Marine x2  
  62  5:05  Marauder, SCV  
  67  5:09  Supply Depot, SCV  
  68  5:16  Marine  
  68  5:17  SCV  
  68  5:18  Factory Reactor  
  70  5:22  Marine x2  
  70  5:26  Marauder, SCV  
  70  5:27  Supply Depot  
  75  5:33  SCV  
  75  5:34  Supply Depot  
  76  5:38  Marauder, SCV  
  76  5:41  Marine x2  
  81  5:49  Marauder  
  81  6:00  Marauder  
  81  6:04  Marine x2  
  85  6:15  Command Center  
  85  6:18  Concussive Shells  
  85  6:19  Medivac x2  
  85  6:23  Marine  
  85  6:24  Marauder x2, Marine  
  95  6:25  Factory Reactor  
  95  6:29  SCV x2  
  97  6:32  Supply Depot  
  97  6:34  Terran Infantry Weapons Level 1  
  97  6:36  Refinery  
  97  6:43  Marine x2  
  97  6:45  Marauder  
  101  6:48  SCV  
  102  6:54  Marauder  
  102  6:56  Supply Depot, Medivac  
  102  6:59  Medivac  
  108  7:05  Supply Depot  
  108  7:06  Widow Mine  
  110  7:12  Widow Mine  
  105  7:28  Marauder x2, Marine x2  
  88  7:41  Medivac  
  88  7:42  Medivac  
  89  7:49  Widow Mine x2, Marauder x2  
  95  7:51  Marine x2  
  95  7:54  SCV x2  
  97  8:10  Barracks  
  97  8:11  Barracks, Medivac, Marauder x2  
  103  8:14  Orbital Command  
  103  8:16  SCV x2  
  105  8:28  SCV x2  
  105  8:29  Marine x2  
  105  8:32  Widow Mine x2, Marauder x2  
  117  8:46  Medivac  
  119  8:50  SCV x2  
  119  8:51  SCV  
  119  8:53  Armory, Marauder  
  119  8:55  Engineering Bay  
  124  9:01  Barracks x2  
  124  9:09  Liberator  
  78  9:10  Liberator  
  121  9:15  Marauder x2  
  121  9:16  Barracks Tech Lab, Barracks Reactor  
  123  9:24  Marine  
  123  9:25  Widow Mine x2, Marine  
  123  9:28  SCV x2  
  123  9:29  Refinery x2  
  137  9:36  Marauder  
  137  9:37  Marauder  
  141  9:51  Marauder, Barracks Tech Lab x2, Marine  
  141  9:52  Marine x3  
  147  9:57  Marine  
  147  9:58  Marauder  
Tags
 
Add a new tag
Caveats
  • Supply blocks, unpowered buildings, or Contaminate may cause inaccurate times.
  • Supply counts are checked every 10 seconds.